 Dungeon Crawl Stone Soup version 0.29-a0-334-gb41bcbb86e (webtiles) character file.

Game seed: 6897829805232253313

1204 jlumianski the Chopper (level 8, 0/61 HPs)
             Began as a Demonspawn Fighter on Apr 14, 2022.
             Shot with an arrow by a centaur (8 damage)
             ... on level 5 of the Dungeon.
             The game lasted 00:12:16 (4557 turns).

jlumianski the Chopper (Demonspawn Fighter)         Turns: 4557, Time: 00:12:16

Health: 0/61       AC: 16    Str: 18    XL:     8   Next: 21%
Magic:  8/8        EV: 12    Int: 10    God:
Gold:   187        SH:  5    Dex: 13    Spells: 7/7 levels left

rFire   . . .      SeeInvis .   a - +0 war axe
rCold   . . .      Faith    .   c - +0 buckler
rNeg    . . .      Spirit   .   x - +0 chain mail
rPois   .          Reflect  .   (no helmet)
rElec   .          Harm     .   r - +0 cloak
rCorr   .          Rampage  .   (no gloves)
Will    +....                   (no boots)
Stlth   ..........              (no amulet)
HPRegen 0.20/turn               m - +4 ring of protection
MPRegen 0.11/turn               G - ring of willpower

@: agile
A: hooves 1, powered by pain 1, spiny 2, sharp scales 2
a: no special abilities


You were on level 5 of the Dungeon.
You visited 1 branch of the dungeon, and saw 6 of its levels.

You collected 187 gold pieces.

Inventory:

Hand Weapons
 a - a +0 war axe (weapon)
 j - a +1 war axe of distortion
 q - a +4 quarterstaff of chaos
 s - a +0 whip of venom
 u - a +2 whip of electrocution
 w - a +0 dagger of electrocution
 B - a +2 whip of freezing
Missiles
 i - 216 stones (quivered)
 y - 11 boomerangs
Armour
 b - a +0 scale mail
 c - a +0 buckler (worn)
 r - a +0 cloak (worn)
 x - a +0 chain mail (worn)
Magical Staves
 l - a staff of conjuration
Jewellery
 m - a +4 ring of protection (left hand)
 p - a ring of flight
 G - a ring of willpower (right hand)
Wands
 d - a wand of flame (7)
 C - a wand of paralysis (11)
Scrolls
 f - 2 scrolls of amnesia
 g - a scroll of blinking
 h - a scroll of immolation
 k - a scroll of teleportation
 v - 2 scrolls of noise
 E - a scroll of identify
Potions
 e - a potion of attraction
 n - a potion of lignification
 o - 2 potions of mutation
 t - a potion of flight
 z - 4 potions of curing
 A - a potion of cancellation
 D - a potion of magic
 F - a potion of ambrosia {unknown}


   Skills:
 + Level 4.6 Fighting
 + Level 6.2 Axes
 + Level 0.6 Throwing
 + Level 4.8 Armour
 + Level 1.9 Dodging
 + Level 1.1 Stealth
 + Level 4.0 Shields


You had 7 spell levels left.
You didn't know any spells.
Your spell library was empty.

Dungeon Overview and Level Annotations

Branches:
Dungeon (6/15)
 Temple: D:4-7

Altars:
Kikubaaqudgha


Innate Abilities, Weirdness & Mutations

You have large cloven feet.
You sometimes gain a little power by taking damage.
You are mostly covered in sharp spines.
You are mostly covered in razor-sharp scales. (AC +2, Slay +2)


Message History

The wight hits you from afar with a +0 spear of venom.
You are poisoned.
You climb upwards.
You feel very sick.
There is a stone staircase leading down here.
You slash the wight!
You destroy the wight!
You feel sick.
You feel sick.
Things that are here:
a +4 falchion; a +0 robe You feel sick.
You feel sick.
An ogre comes into view. It is wielding a +0 giant spiked club.
You feel sick.
The ogre shouts!
You hear a shout!
Found a potion of flight.
You feel sick.
A centaur comes into view.
The centaur wields a +0 shortbow.
The centaur shoots an arrow.
The arrow barely misses you.
You feel sick.
You are no longer poisoned.
The centaur shoots an arrow.
The arrow hits you!
The centaur shoots an arrow.
You block the arrow. The ogre is struck by your spines.
The ogre barely misses you.
A hound comes into view.
The centaur shoots an arrow.
The arrow hits you.
The centaur shoots an arrow.
The arrow hits you but does no damage.
The hound moves out of view.
The centaur shoots an arrow.
The arrow hits you but does no damage.
The centaur shoots an arrow.
The arrow hits you. The ogre barely misses you.
You barely miss the ogre. You kick the ogre, but do no damage.
The ogre is moderately wounded.
The centaur shoots an arrow.
The arrow hits you.
The ogre hits you with a +0 giant spiked club!!
* * * LOW HITPOINT WARNING * * *
You focus on the pain.
You feel agile all of a sudden.
You feel better.
The centaur shoots an arrow.
The arrow hits you!
You die...

#.#.. .#.#..#########.
..!............. .
.................. .....
...........<..c... ....#
..##..............
....##..#......$..#...#
........#..###.O###ch#
.........). #..@....#
...........###.###...###
.......................#
...#
#...###.>.........###
...##....#
#..)...........
...#.....###...........##
.......................#
.###........##.........#
.))..)...###
#...#####.### #####


You could see an ogre, a centaur and a hound.

Vanquished Creatures
  The ghost of pascalblue the Magician, an amateur DEWz (D:3)
  Eustachio (D:4)
  An orc warrior (D:4)
  2 ogres
  A phantom (D:5)
  A bullfrog (D:3)
  A wight (D:5)
  Crazy Yiuf (D:2)
  4 orc priests
  An iguana (D:5)
  An orc wizard (D:4)
  Terence (D:2)
  4 gnolls (D:3)
  9 adders
  A river rat (D:3)
  A shadow imp (D:4)
  An ufetubus (D:4)
  2 worms (D:3)
  A dart slug (D:1)
  13 orcs
  6 endoplasms
  A giant cockroach (D:4)
  6 goblins
  6 hobgoblins
  2 jackals (D:1)
  9 kobolds
  5 quokkas
  7 ball pythons
  6 bats
  A frilled lizard (D:1)
  2 rats (D:3)
99 creatures vanquished.

Vanquished Creatures (others)
  3 fungi (D:1)
  3 plants (D:1)
  4 toadstools (D:1)
10 creatures vanquished.

Grand Total: 109 creatures vanquished

Notes
Turn   | Place    | Note
-------+----------+-------------------------------------------
     0 | D:1      | jlumianski the Demonspawn Fighter began the quest for the
                  | Orb.
     0 | D:1      | Reached XP level 1. HP: 18/18 MP: 1/1
     8 | D:1      | Found a faded altar of an unknown god.
    20 | D:1      | Gained mutation: You are partially covered in sharp spines.
                  | [demonic ancestry]
    20 | D:1      | Reached XP level 2. HP: 21/24 MP: 2/2
   271 | D:2      | Reached skill level 2 in Axes
   271 | D:2      | Gained mutation: You sometimes gain a little power by
                  | taking damage. [demonic ancestry]
   271 | D:2      | Reached XP level 3. HP: 17/29 MP: 3/3
   907 | D:2      | Reached XP level 4. HP: 19/35 MP: 4/4
  1287 | D:2      | Found a runed translucent door.
  1288 | D:2      | Noticed Crazy Yiuf
  1465 | D:2      | Noticed Terence
  1472 | D:2      | Killed Terence
  1473 | D:2      | Reached skill level 3 in Axes
  1686 | D:2      | Killed Crazy Yiuf
  1687 | D:2      | Gained mutation: You are mostly covered in sharp spines.
                  | [demonic ancestry]
  1687 | D:2      | Reached XP level 5. HP: 36/41 MP: 5/5
  2212 | D:3      | Found a runed translucent door.
  2227 | D:3      | Noticed an ogre
  2235 | D:3      | Killed an ogre
  2356 | D:3      | Gained mutation: You have large cloven feet. [demonic
                  | ancestry]
  2356 | D:3      | Reached XP level 6. HP: 47/47 MP: 6/6
  2368 | D:3      | Reached skill level 1 in Dodging
  2678 | D:3      | Noticed pascalblue's ghost (amateur DEWz)
  2695 | D:3      | Reached skill level 4 in Axes
  2700 | D:3      | Killed pascalblue's ghost
  2701 | D:3      | Reached skill level 1 in Stealth
  2701 | D:3      | Gained mutation: You are partially covered in razor-sharp
                  | scales. (AC +1, Slay +1) [demonic ancestry]
  2701 | D:3      | Reached XP level 7. HP: 33/53 MP: 7/7
  2720 | D:3      | Found a runed translucent door.
  3503 | D:4      | Reached skill level 5 in Axes
  4018 | D:4      | Noticed Eustachio
  4025 | D:4      | Killed Eustachio
  4126 | D:5      | Entered Level 5 of the Dungeon
  4170 | D:5      | Found an ancient bone altar of Kikubaaqudgha.
  4194 | D:5      | Gained mutation: You are mostly covered in razor-sharp
                  | scales. (AC +2, Slay +2) [demonic ancestry]
  4194 | D:5      | Reached XP level 8. HP: 18/61 MP: 8/8
  4205 | D:5      | Reached skill level 6 in Axes
  4556 | D:5      | HP: 3/61 [ogre/+0 giant spiked club (24)]
  4557 | D:5      | Shot with an arrow by a centaur

Illustrated notes

Levels and vault maps discovered:
D:1:      ldierk_walled_garden_2, layout_basic, dreamdust_ecumenical_altar_grove
D:2:      layout_loops_ring, uniq_terence, uniq_crazy_yiuf_cottage
D:3:      layout_basic, ebering_ghost_sewer_f, eino_tiny_chamber,
          hex_intersection
D:4:      layout_loops_ring, guppyfry_early_orc_mine, uniq_eustachio
D:5:      layout_rooms, nicolae_kikubaaqudgha_miasma_corner
D:6:      layout_loops_ring, lemuel_zombie_altar_yredelemnul,
          kennysheep_little_box, serial_shops, nicolae_diamond_shop,
          nicolae_shop_firing_range

Skill      XL: |  1  2  3  4  5  6  7  8 |
---------------+-------------------------+-----
Shields        | 3 4 |  4.0
Axes           | 2 3 4 5 6 |  6.2
Armour         | 3 4 |  4.8
Dodging        | 1 |  1.9
Stealth        | 1 |  1.1
Fighting       | 4 |  4.6
Throwing       | |  0.6

Action                   |  1- 3 |  4- 6 |  7- 9 || total
-------------------------+-------+-------+-------++-------
Melee: War axe           |    57 |    60 |    86 ||   203
       Kick              |       |     5 |    21 ||    26
Throw: Stone             |       |     3 |     4 ||     7
  Use: Scroll            |     7 |     2 |     4 ||    13
       Potion            |       |     2 |     2 ||     4
 Stab: Invisible         |       |     1 |       ||     1
Armor: Scale mail        |    35 |    32 |    10 ||    77
       Chain mail        |       |       |    30 ||    30
Dodge: Dodged            |    27 |    17 |    23 ||    67
Block: Buckler           |    16 |    17 |    23 ||    56

Table legend: (Time is in decaauts)
 A = Elapsed time spent in this place.
 B = Non-inter-level travel time spent in this place.
 C = Inter-level travel time spent in this place.
 D = Time resting spent in this place.
 E = Time spent auto-exploring this place.
 F = Levels seen in this place.
 G = Mean time per level.
                   A        B        C        D        E       F      G
               +--------+--------+--------+--------+--------+-----+--------+
         Total |   4633 |   4546 |     87 |    381 |   2878 |   6 |  772.2 |
       Dungeon |   4633 |   4546 |     87 |    381 |   2878 |   6 |  772.2 |
               +--------+--------+--------+--------+--------+-----+--------+

Top non-repeatable levels by time:
     D:3: 1666 daAuts
     D:2: 1059 daAuts
     D:1: 746 daAuts
     D:4: 737 daAuts
     D:5: 407 daAuts
     D:6: 16 daAuts
